 Dungeon Crawl Stone Soup version 0.31.0-12-g77e489cdc1 (webtiles) character file.

Game seed: 10570883093769039292

710446 toastdancer the Hoplite (level 27, -1/226 HPs)
             Began as a Gnoll Hedge Wizard on Feb 19, 2024.
             Was the Champion of Zin.
             Killed from afar by Ywietyaps the pandemonium lord (69 damage)
             ... with a great icy blast
             ... in Pandemonium on Feb 23, 2024.
             The game lasted 11:10:27 (134581 turns).

toastdancer the Hoplite (Gnoll Hedge Wizard)      Turns: 134581, Time: 11:10:29

Health: -1/226     AC: 43    Str: 19    XL:     27
Magic:  45/48      EV: 11    Int: 38    God:    Zin [******]
Gold:   6885       SH: 31    Dex: 13    Spells: 6/69 levels left

rFire   + + +        b - +9 eveningstar (holy)
rCold   + . .        Z - +2 tower shield {rF+}
rNeg    . . .        c - +10 gold dragon scales "Ipas" {rPois rF+ rC+ Str+3 Dex+3}
rPois   +            x - +1 helmet
rElec   +            s - scarf of Huonoer {repulsion, rCorr Int+7}
rCorr   +            I - +0 pair of gloves of the Beginning {rElec Str+2}
SInv    +            L - +3 pair of seven-league boots {Rampage+∞}
Will    ++++.        O - amulet of reflection
Stlth   ++           A - ring "Qokoistri" {Fly rF+ Will+ Int+5}
HPRegen 0.57/turn    J - ring of the Cockatrice {rF+ Will+ Str+3 Dex-2 SInv}
MPRegen 0.31/turn

%: repel missiles, reflection, rampage+∞
@: about to teleport, on blink cooldown, flying, studying 3 skills
A: fangs 1, strong nose, distributed training
}: 5/15 runes: decaying, serpentine, slimy, silver, abyssal
a: Renounce Religion, Recite, Vitalisation, Imprison, Sanctuary, Donate Gold


You were in Pandemonium.
You worshipped Zin.
Zin was exalted by your worship.
You visited 13 branches of the dungeon, and saw 57 of its levels.
You visited Pandemonium 1 time, and saw 3 of its levels.
You visited the Abyss 2 times.
You also visited: Trove, Sewer, Bailey, Volcano and Desolation.

You collected 13217 gold pieces.
You spent 6046 gold pieces at shops.
You donated 286 gold pieces to Zin.

Inventory:

Hand Weapons
 a - the +8 morningstar of the Jester {speed, Fly rC+}
   (You took it off a deep elf high priest on level 3 of the Elven Halls)

   rC+:       It protects you from cold.
   Fly:       It grants you flight.
 b - a +9 eveningstar of holy wrath (weapon)
 H - a +7 scimitar of venom
Missiles
 e - 2 throwing nets
 q - 2 silver javelins
Armour
 c - the +10 gold dragon scales "Ipas" (worn) {rPois rF+ rC+ Str+3 Dex+3}
   (You found it in a treasure trove)

   Str+3:     It affects your strength (+3).
   Dex+3:     It affects your dexterity (+3).
   rF+:       It protects you from fire.
   rC+:       It protects you from cold.
   rPois:     It protects you from poison
 s - the scarf of Huonoer (worn) {repulsion, rCorr Int+7}
   (You acquired it on level 13 of the Dungeon)

   Int+7:     It affects your intelligence (+7).
   rCorr:     It protects you from acid and corrosion.
 x - a +1 helmet (worn)
 G - a +2 scale mail of fire resistance
 I - the +0 pair of gloves of the Beginning (worn) {rElec Str+2}
   (You acquired it on level 1 of the Elven Halls)

   Str+2:     It affects your strength (+2).
   rElec:     It insulates you from electricity.
 L - the +3 pair of seven-league boots (worn) {Rampage+∞}
   (You found it in a volcano)

   Rampage+∞: When moving toward enemies, its wearer moves as far as possible,
   alerting their target en route.
 Z - a +2 tower shield of fire resistance (worn)
Jewellery
 n - a ring of protection from cold
 v - the ring "Jaxik" {rPois rN+ Slay+4}
   (You took it off a vault sentinel on level 5 of the Vaults)

   [ring of slaying]

   Slay+4:    It affects your accuracy & damage with ranged weapons and melee
   (+4).
   rPois:     It protects you from poison rN+: It protects you from negative
   energy.
 w - a ring of positive energy
 y - a ring of protection from cold
 z - a ring of wizardry
 A - the ring "Qokoistri" (left hand) {Fly rF+ Will+ Int+5}
   (You acquired it in a bailey)

   [ring of flight]

   Int+5:     It affects your intelligence (+5).
   rF+:       It protects you from fire.
   Will+:     It increases your willpower.
   Fly:       It grants you flight.
 J - the ring of the Cockatrice (right hand) {rF+ Will+ Str+3 Dex-2 SInv}
   (You acquired it on level 3 of the Depths)

   [ring of willpower]

   Str+3:     It affects your strength (+3).
   Dex-2:     It affects your dexterity (-2).
   rF+:       It protects you from fire.
   Will+:     It increases your willpower.
   SInv:      It lets you see invisible.
 O - an amulet of reflection (around neck)
Wands
 j - a wand of paralysis (51)
 m - a wand of digging (42)
 o - a wand of iceblast (43)
 S - a wand of quicksilver (21)
Scrolls
 f - 6 scrolls of revelation
 h - a scroll of blinking
 i - 5 scrolls of fear
 k - 13 scrolls of fog
 l - 9 scrolls of teleportation
 D - 3 scrolls of summoning
 F - 4 scrolls of poison
 P - 11 scrolls of enchant weapon
 R - 3 scrolls of brand weapon
 T - 6 scrolls of amnesia
 Y - 5 scrolls of enchant armour
Potions
 d - 5 potions of magic
 g - 16 potions of curing
 p - 12 potions of brilliance
 r - 9 potions of mutation
 t - 10 potions of might
 u - 9 potions of resistance
 C - 6 potions of heal wounds
 E - 4 potions of invisibility
 K - 13 potions of enlightenment
 M - 2 potions of cancellation
 Q - 7 potions of haste
 U - 12 potions of attraction
 W - 10 potions of ambrosia
 X - a potion of berserk rage


   Skills:
 + Level 20.6 Fighting
 + Level 20.6 Short Blades
 + Level 20.6 Long Blades
 + Level 20.7 Axes
 + Level 24.1 Maces & Flails
 + Level 20.6 Polearms
 + Level 20.6 Staves
 + Level 20.6 Ranged Weapons
 + Level 20.6 Throwing
 + Level 20.6 Armour
 + Level 21.0 Dodging
 + Level 25.7 Stealth
 + Level 26.1 Shields
 + Level 20.6 Unarmed Combat
 + Level 21.5 Spellcasting
 + Level 17.7 Conjurations
 + Level 17.6 Hexes
 + Level 17.7 Summonings
 + Level 20.7 Necromancy
 + Level 17.7 Translocations
 + Level 17.6 Fire Magic
 + Level 17.6 Ice Magic
 + Level 17.6 Air Magic
 + Level 17.6 Earth Magic
 + Level 17.6 Alchemy
 + Level 22.2 Invocations
 + Level 20.6 Evocations
 + Level 19.0 Shapeshifting


You had 6 spell levels left.
You knew the following spells:

 Your Spells              Type           Power      Damage    Failure   Level
a - Magic Dart            Conj           100%       1d8       0%          1
b - Manifold Assault      Tloc           100%       N/A       1%          4
c - Mephitic Cloud        Conj/Alch/Air  100%       N/A       1%          3
d - Ignite Poison         Fire/Alch      100%       N/A       1%          4
e - Fulminant Prism       Conj/Alch      54%        3d23      1%          4
f - Freezing Cloud        Conj/Ice/Air   54%        6-21      1%          5
g - Blink                 Tloc           100%       N/A       1%          2
h - Iskenderun's Battles  Conj           100%       2d15      1%          5
i - Lehudib's Crystal Sp  Conj/Erth      54%        10d13     65%         8
j - Lee's Rapid Deconstr  Erth           54%        3d25*     1%          5
k - Plasma Beam           Fire/Air       54%        2x1d69    2%          6
l - Fireball              Conj/Fire      54%        3d21      1%          5
m - Apportation           Tloc           100%       N/A       0%          1
n - Iskenderun's Mystic   Conj/Tloc      100%       2d19      1%          4
o - Bombard               Conj/Erth      54%        9d9       1%          6

Your spell library contained the following spells:

 Spells                   Type           Power      Damage    Failure   Level
 Kiss of Death            Conj/Necr      100%       2d13      0%          1
 Sandblast                Erth           100%       2d20      0%          1
 Shock                    Conj/Air       100%       1d9       0%          1
 Slow                     Hex            100%       N/A       0%          1
 Summon Small Mammal      Summ           100%       N/A       0%          1
 Cigotuvi's Dreadful Rot  Necr/Alch/Air  100%       N/A       0%          2
 Sublimation of Blood     Necr           100%       N/A       0%          2
 Fugue of the Fallen      Necr           100%       N/A       0%          3
 Call Imp                 Summ           100%       N/A       1%          2
 Ensorcelled Hibernation  Hex/Ice        100%       N/A       1%          2
 Jinxbite                 Hex            100%       N/A       1%          2
 Lesser Beckoning         Tloc           100%       N/A       1%          2
 Mercury Vapours          Alch/Air       100%       N/A       1%          2
 Momentum Strike          Conj/Tloc      100%       3d10      1%          2
 Scorch                   Fire           100%       2d9       1%          2
 Static Discharge         Conj/Air       100%       3-8/arc   1%          2
 Call Canine Familiar     Summ           100%       N/A       1%          3
 Confusing Touch          Hex            100%       N/A       1%          3
 Dazzling Flash           Conj/Hex       100%       N/A       1%          3
 Frozen Ramparts          Ice            100%       1d16      1%          3
 Gell's Gravitas          Tloc           100%       N/A       1%          3
 Ozocubu's Armour         Ice            100%       N/A       1%          3
 Passwall                 Erth           100%       N/A       1%          3
 Sigil of Binding         Hex            100%       N/A       1%          3
 Stone Arrow              Conj/Erth      100%       3d13      1%          3
 Summon Ice Beast         Ice/Summ       100%       N/A       1%          3
 Swiftness                Air            100%       N/A       1%          3
 Teleport Other           Tloc           100%       N/A       1%          3
 Tukima's Dance           Hex            100%       N/A       1%          3
 Volatile Blastmotes      Fire/Tloc      100%       2d18      1%          3
 Airstrike                Air            54%        2d(8-24)  1%          4
 Brom's Barrelling Bould  Conj/Erth      100%       2d11      1%          4
 Dimensional Bullseye     Hex/Tloc       54%        N/A       1%          4
 Dispel Undead            Necr           100%       3d31      1%          4
 Flame Wave               Conj/Fire      100%       2d21      1%          4
 Leda's Liquefaction      Alch/Erth      54%        N/A       1%          4
 Olgreb's Toxic Radiance  Alch           100%       N/A       1%          4
 Passage of Golubria      Tloc           100%       N/A       1%          4
 Petrify                  Alch/Erth      100%       N/A       1%          4
 Summon Blazeheart Golem  Fire/Summ      100%       N/A       1%          4
 Summon Lightning Spire   Summ/Air       100%       N/A       1%          4
 Vhi's Electric Charge    Tloc/Air       100%       N/A       1%          4
 Alistair's Intoxication  Alch           72%        N/A       1%          5
 Arcjolt                  Conj/Air       54%        1d64      1%          5
 Curse of Agony           Necr           100%       N/A       1%          5
 Irradiate                Conj/Alch      54%        3d29      1%          5
 Metabolic Englaciation   Hex/Ice        54%        N/A       1%          5
 Silence                  Hex/Air        54%        N/A       1%          5
 Summon Forest            Summ/Tloc      54%        N/A       1%          5
 Summon Mana Viper        Hex/Summ       100%       N/A       1%          5
 Yara's Violent Unravell  Hex/Alch       54%        3d21      1%          5
 Conjure Ball Lightning   Conj/Air       54%        3x3d20    1%          6
 Summon Cactus Giant      Summ           54%        N/A       1%          6
 Sculpt Simulacrum        Ice/Alch       54%        N/A       2%          6
 Enfeeble                 Hex            54%        N/A       12%         7
 Orb of Destruction       Conj           54%        9d14      12%         7
 Ozocubu's Refrigeration  Ice            54%        4d19      12%         7
 Spellforged Servitor     Conj/Summ      54%        N/A       12%         7
 Summon Horrible Things   Summ           54%        N/A       65%         8
 Chain Lightning          Conj/Air       54%        3d72      100%        9
 Fire Storm               Conj/Fire      54%        8d14      100%        9
 Polar Vortex             Ice            54%        12d7*     100%        9
 Shatter                  Erth           54%        3d41*     100%        9


Dungeon Overview and Level Annotations

Branches:
Dungeon (15/15)            Temple (1/1) D:6            Lair (5/5) D:11
  Swamp (4/4) Lair:3        Snake (4/4) Lair:3        Slime (5/5) Lair:4
    Orc (2/2) D:9             Elf (3/3) Orc:2        Vaults (5/5) D:13
  Crypt (3/3) Vaults:3       Tomb (0/3) Crypt:3      Depths (4/4) D:15
   Hell (visited)             Dis (0/7) Hell            Geh (0/7) Hell
    Coc (0/7) Hell            Tar (0/7) Hell            Zot (5/5) Depths:4
  Sewer (visited)          Bailey (visited)         Volcano (visited)
Desolation (visited)

Altars:
Ashenzari
Cheibriados
Dithmenos
Elyvilon
Fedhas
Gozag
Hepliaklqana
Kikubaaqudgha
Makhleb
Nemelex Xobeh
Okawaru
Qazlal
Ru
Sif Muna
Trog
Uskayaw
Vehumet
Wu Jian
Xom
Yredelemnul
Zin
The Shining One
Ignis

Shops:
D:8 ?   Orc:2 [(!=**   Snake:1 :   Snake:2 :?   Snake:3 :=   Vaults:1 (
Depths:2 *

Portals:
Hell: Depths:1 Depths:2 Depths:3 Depths:4
Abyss: Depths:3 Depths:4
Pandemonium: Orc:2 Depths:2
Ziggurat: Depths:3

Annotations:
Lair:5 3 runed translucent doors, Feocw's ghost, journeyman TrSh
Snake:1 1 exclusion
Orc:2 1 runed translucent door, hawla's ghost, journeyman MiFi
Elf:1 6 runed translucent doors, spaghetti's ghost, adept DsHu
Vaults:4 3 runed translucent doors, 1 exclusion, Mennas; Moagi's ghost, adept GnSk; mantisjm's ghost, veteran HOFi
Crypt:2 2 transporters
Pan 1 runed translucent door


Innate Abilities, Weirdness & Mutations

You have very sharp teeth.
Your uncanny sense of smell can sniff out nearby items.
Your experience applies equally to all skills.


Message History

The shadow demon gestures.
The Ice Fiend calls on the powers of darkness!
Your body is wracked with pain!
You impale the Ice Fiend!!
The Ice Fiend convulses!!!
You kill the Ice Fiend!
Your life force feels restored.
Unknown command.
You bludgeon the shadow demon!!
The shadow demon convulses.
The shadow demon is heavily wounded.
You block the cacodemon's attack. x2; You block the orange demon's attack.
You impale the shadow demon!!
The shadow demon convulses.
The shadow demon is almost dead.
You block the sixfirhy's attack. x2; You block the shadow demon's attack.
The cacodemon hits you but does no damage.
You block the cacodemon's attack. The orange demon closely misses you.
The sixfirhy hits you. The sixfirhy shocks you. You resist.
You stick the shadow demon like a pincushion!!!
You kill the shadow demon!
The cacodemon dissolves into shadows!
The sixfirhy dissolves into shadows!
The orange demon dissolves into shadows!
Ywietyaps sneers, "Flounder, thou tasty snacklet!"
The chaos spawn attacks as it pursues you!
You block the chaos spawn's attack.
There is an open door here.
Ywietyaps gestures at you.
The bolt of dispelling energy hits the chaos spawn!!!
The chaos spawn dies!
The chaos spawn degenerates into a cloud of primal chaos!
The bolt of dispelling energy hits you!!
* * * LOW HITPOINT WARNING * * *
As you read the scroll of teleportation, it crumbles to dust.
You feel strangely unstable.
Casting: Plasma Beam (mildly dangerous; 2% risk of failure)
Confirm with . or Enter, or press ? or * to list all spells.
You blink.
A sun demon comes into view.
Ywietyaps gestures at you.
Ywietyaps conjures a mighty blast of ice!
The great icy blast engulfs you!!! You partially resist.
You die...

∆
#########
#@○&○☼')##
#☼######.#
#.# #'#
#°# #.#
#°# #'#
#'# #.#
#.# #'#
##3'∆ #.#
#+#


You could see Ywietyaps (clouds) and a sun demon.

Vanquished Creatures
  the Royal Jelly (Slime:5)
  5 dread liches
  2 ancient liches
  Mara (Vaults:2)
  7 orbs of fire (Zot:5)
  Xtahua (Depths:3)
  A juggernaut (Depths:4)
  Sojobo (Vaults:3)
  the Lernaean hydra (Swamp:4)
  4 Killer Klowns (Zot:5)
  2 curse toes
  Vashnia (Snake:3)
  16 golden dragons
  Geryon (Hell)
  Jory (Crypt:2)
  4 bone dragons
  Nikola (Depths:1)
  An iron giant (Depths:2)
  4 electric golems
  2 Ice Fiends (Pan)
  16 tentacled monstrosities
  A Hell Sentinel (Pan)
  A walking earthen tome (Depths:2)
  Zenata (Elf:2)
  A tainted leviathan (Hell)
  2 walking crystal tomes (Depths:2)
  16 titans
  25 Orb Guardians (Zot:5)
  5 quicksilver dragons
  4 liches
  4 deep elf blademasters
  2 deep elf master archers (Elf:3)
  14 acid blobs
  9 sphinxes
  2 thorn hunters
  An Executioner (Pan)
  An ancient champion (Crypt:2)
  9 tengu reavers
  A death cob (Zot:1)
  A tentacled starspawn (Abyss:1)
  22 storm dragons
  Aizul (Snake:2)
  3 revenants
  9 shadow dragons
  16 azure jellies
  11 rockslimes
  9 draconian monks
  2 nagarajas (Snake:3)
  8 draconian scorchers
  5 protean progenitors
  2 fenstrider witches (Swamp:2)
  Louise (Swamp:3)
  4 fire giants
  6 deep elf sorcerers
  15 frost giants
  15 draconian knights
  3 iron dragons
  A balrug (Pan)
  8 draconian shifters
  An orc warlord (Orc:1)
  15 vault wardens
  4 deep elf elementalists
  A curse skull (Crypt:1)
  3 ghouls
  2 cacodemons (Pan)
  A juggernaut zombie (Depths:3)
  22 ironbound preservers
  4 draconian stormcallers (Zot:3)
  6 reapers
  6 draconian annihilators
  3 ghost moths
  2 spriggan defenders (Depths:2)
  2 broodmothers (Zot:3)
  11 ironbound thunderhulks
  A juggernaut skeleton (Depths:2)
  10 very ugly things
  2 demonspawn blood saints (Pan)
  2 demonspawn corrupters (Pan)
  4 vampire knights
  11 deep elf demonologists
  6 formless jellyfish
  12 quicksilver oozes
  15 stone giants
  6 eleionomae
  2 demonspawn black suns (Pan)
  13 black draconians
  2 putrid mouths (Depths:1)
  7 green draconians
  15 purple draconians
  10 white draconians
  3 spark wasps (Depths:3)
  5 deep elf annihilators (Elf:3)
  20 red draconians
  12 deep elf death magi
  3 lorocyprocas (Pan)
  7 war gargoyles
  2 bunyips (Zot:2)
  8 dire elephants
  12 yellow draconians
  A merfolk javelineer (Depths:2)
  7 ettins
  3 eidola
  3 blizzard demons
  2 green deaths
  An iron golem (Hell)
  9 jiangshi
  13 fire dragons
  4 crystal guardians
  Snorg (D:11)
  A merfolk impaler (Depths:2)
  9 entropy weavers
  2 shambling mangroves (Swamp:3)
  Josephine (Lair:5)
  16 yaktaur captains
  11 deep elf high priests
  6 ice dragons
  6 rakshasas
  32 vault guards
  Fannar (D:11)
  13 great orbs of eyes
  A hell beast (Depths:3)
  4 salamander tyrants (Snake:4)
  Harold (Lair:2)
  15 hydras
  An ogre mage (D:15)
  2 demonspawn (Orc:2)
  A spriggan zombie (Crypt:3)
  4 quicksilver dragon skeletons (Crypt:1)
  2 peacekeepers
  3 spriggan air magi (Depths:2)
  A jorogumo (Zot:2)
  9 alligators
  13 centaur warriors
  6 ghost crabs
  A catoblepas (Lair:5)
  Erica (Lair:2)
  16 ironbound frosthearts
  A fenstrider witch skeleton (Crypt:2)
  17 anacondas
  6 two-headed ogres
  A sphinx skeleton (Crypt:2)
  38 dancing weapons
  3 hell hogs
  2 death knights
  7 boulder beetles
  15 deep troll earth magi
  3 vampire magi
  7 death yaks (Lair:5)
  5 thrashing horrors
  6 deep troll shamans
  7 tengu warriors
  A titan zombie (Crypt:3)
  14 naga warriors
  7 orc high priests
  Urug (D:11)
  12 shock serpents
  An occultist (Depths:1)
  16 sun demons
  4 soul eaters
  Sonja (Lair:2)
  18 naga sharpshooters
  8 spriggans
  11 hell knights
  21 deep elf knights
  Nergalle (D:12)
  A spriggan berserker (Depths:3)
  8 salamander mystics
  A skyshark (Lair:2)
  7 fire crabs
  16 iron trolls
  3 spark wasp zombies (Depths:3)
  2 wretched stars
  A death drake (Swamp:4)
  2 anaconda zombies
  6 sixfirhies
  4 flayed ghosts
  2 shadow wraiths
  40 skeletal warriors
  4 spriggan druids
  A ghost moth zombie (Crypt:2)
  A deep troll (shapeshifter) (Vaults:5)
  6 goliath frogs
  2 bunyip zombies (Crypt:3)
  2 naga ritualists
  65 deep trolls
  6 arcanists
  A death drake (shapeshifter) (Vaults:3)
  5 shadow demons (Pan)
  A swamp dragon (shapeshifter) (Vaults:5)
  A bunyip skeleton (Crypt:3)
  14 deep elf archers
  21 ironbound convokers
  16 swamp dragons
  16 bog bodies
  6 glowing orange brains
  9 mana vipers
  A mana viper (shapeshifter) (Depths:4)
  12 phantasmal warriors
  A golden dragon skeleton (Crypt:1)
  14 necromancers
  7 orc knights
  2 iron giant skeletons
  5 harpies (Vaults:1)
  32 deep elf zephyrmancers
  An anaconda skeleton (Hell)
  2 obsidian statues
  25 ugly things
  33 deep elf pyromancers
  A harpy (shapeshifter) (D:13)
  16 lindwurms
  A stone giant zombie (Depths:2)
  An alligator zombie (Hell)
  A jorogumo zombie (Crypt:1)
  2 fauns (shapeshifter)
  20 salamanders
  38 moths of wrath
  Maurice (D:8)
  6 shining eyes
  5 will-o-the-wisps
  3 manticores
  8 large abominations
  6 cyclopes
  An alligator skeleton (Crypt:1)
  7 orc sorcerers
  A frost giant skeleton (Depths:2)
  23 elephants
  30 black mambas
  18 naga magi
  A dire elephant zombie (Crypt:3)
  5 kobold blastminers
  A fire giant skeleton (Depths:2)
  An apocalypse crab (D:10)
  A black mamba (shapeshifter) (D:13)
  13 smoke demons
  A water nymph (shapeshifter) (Vaults:5)
  4 molten gargoyles (Hell)
  4 rust devils
  7 guardian serpents
  A centaur skeleton (Crypt:3)
  19 vault sentinels
  An unseen horror (D:11)
  A torpor snail (Lair:5)
  2 orange demons (Pan)
  A gargoyle (D:14)
  4 eyes of devastation
  7 hellions
  6 cane toads
  Maggie (D:6)
  6 kobold demonologists
  11 freezing wraiths
  A black draconian zombie (Crypt:1)
  7 komodo dragons
  25 yaktaurs
  8 rime drakes
  A tengu conjurer (Depths:2)
  A sea snake zombie (Hell)
  A yellow draconian skeleton (Crypt:2)
  8 ice devils
  A tormentor (Depths:1)
  A troll (shapeshifter) (D:14)
  A sea snake skeleton (Crypt:1)
  A harpy zombie (Crypt:3)
  2 red devils
  A queen bee (D:11)
  5 trolls
  A bloated husk (Swamp:3)
  2 hellwings (Abyss:1)
  3 polar bears
  9 tyrant leeches
  A polar bear (shapeshifter) (D:13)
  A harpy skeleton (Crypt:1)
  3 saltlings (Desolation)
  17 hornets
  2 glass eyes
  12 blink frogs
  A frost giant simulacrum (Depths:2)
  An ettin zombie (Crypt:3)
  A hydra skeleton (Hell)
  A jumping spider (Vaults:4)
  A shadow (D:13)
  A culicivora (Vaults:2)
  108 slime creatures
  4 fire dragon skeletons (Crypt:1)
  28 yaks
  8 dream sheep
  13 water elementals
  A black mamba zombie (Crypt:3)
  A vampire (D:13)
  2 air elementals (Elf:3)
  4 wyverns
  4 ynoxinuls
  6 basilisks
  11 wraiths
  6 steam dragons
  24 golden eyes
  2 wargs
  4 fire elementals
  A basilisk (shapeshifter) (D:15)
  3 redbacks
  7 vampire mosquitoes
  A sea snake simulacrum (Hell)
  A neqoxec (Pan)
  5 chaos spawn (Pan)
  14 swamp worms
  A glowing shapeshifter zombie (Depths:3)
  51 nagas
  3 acid dragons
  7 hell hounds
  A hydra simulacrum (Hell)
  A cane toad skeleton (Crypt:1)
  21 water moccasins
  A deep troll skeleton (Crypt:3)
  39 orc warriors
  A sky beast (D:8)
  4 ice beasts
  7 black bears
  8 swamp drakes
  6 ogres
  39 laughing skulls
  A crocodile (Sewer)
  A dream sheep skeleton (Crypt:2)
  10 centaurs
  A hog skeleton (Crypt:2)
  A snapping turtle skeleton (Crypt:1)
  A phantom (D:7)
  12 kobold brigands
  A draconian zombie (Crypt:1)
  An elf zombie (Crypt:2)
  A weeping skull (Abyss:3)
  A gnoll sergeant (D:9)
  An earth elemental (Elf:2)
  15 bullfrogs
  A vine stalker zombie (Crypt:2)
  3 necrophages
  A wyvern zombie (D:6)
  8 small abominations
  7 wights
  A shapeshifter zombie (Crypt:2)
  15 killer bees
  7 electric eels
  A raiju skeleton (Crypt:2)
  8 howler monkeys
  2 bombardier beetles
  7 jellies
  A quasit (Abyss:1)
  3 hounds
  Crazy Yiuf (D:3)
  A gnoll bouda (D:7)
  28 orc priests
  An iron imp (Abyss:3)
  11 iguanas
  6 hell rats
  A sleepcap (D:6)
  19 orc wizards
  An acid dragon zombie (Crypt:2)
  A howler monkey zombie (D:6)
  17 gnolls
  A howler monkey skeleton (Crypt:2)
  10 adders
  9 river rats
  5 white imps
  2 ribbon worms (D:3)
  4 dart slugs (D:4)
  102 orcs
  6 endoplasms
  3 giant cockroaches
  11 goblins
  7 hobgoblins
  9 jackals
  28 kobolds
  A quokka (D:5)
  3 ball pythons
  A bat (D:2)
  3 frilled lizards
  19 rats
  2 aspiring fleshes (Zot:2)
  A lurking horror (Abyss:1)
  A spectral weapon (Snake:1)
2732 creatures vanquished.

Vanquished Creatures (collateral kills)
  A protean progenitor (Zot:2)
  A black mamba (Snake:3)
  3 killer bees
5 creatures vanquished.

Vanquished Creatures (others)
  Asterion (Snake:1)
  2 reapers (Pan)
  An ironbound preserver (Vaults:1)
  A red draconian (Depths:4)
  A blizzard demon (Pan)
  A vault guard (Vaults:5)
  A rakshasa (Depths:4)
  A deep elf knight (Elf:3)
  4 sun demons (Pan)
  A large abomination (Pan)
  A smoke demon (Pan)
  A hornet (Swamp:3)
  3 bloated husks
  A ynoxinul (Pan)
  3 neqoxecs (Pan)
  A chaos spawn (Pan)
  A naga (Snake:4)
  A swamp drake (Swamp:4)
  2 killer bees
  An electric eel (Bailey)
  2 hell rats (Hell)
  An orc (Vaults:5)
  24 foxfires
  21 fulminant prisms
  4 starspawn tentacles (Abyss:1)
  5 tentacles (Abyss:3)
86 creatures vanquished.

Grand Total: 2823 creatures vanquished

Notes
Turn   | Place    | Note
-------+----------+-------------------------------------------
     0 | D:1      | toastdancer the Gnoll Hedge Wizard began the quest for the
                  | Orb.
     0 | D:1      | Reached XP level 1. HP: 13/13 MP: 8/8
   381 | D:1      | Reached XP level 2. HP: 19/19 MP: 8/10
  1484 | D:3      | Noticed a howler monkey
  1527 | D:3      | Reached XP level 3. HP: 25/25 MP: 6/11
  1648 | D:3      | Reached skill level 1 in Invocations
  1689 | D:3      | Reached skill level 1 in Fighting
  1689 | D:3      | Reached skill level 1 in Short Blades
  1689 | D:3      | Reached skill level 1 in Long Blades
  1689 | D:3      | Reached skill level 1 in Axes
  1689 | D:3      | Reached skill level 1 in Maces & Flails
  1689 | D:3      | Reached skill level 1 in Polearms
  1689 | D:3      | Reached skill level 1 in Staves
  1689 | D:3      | Reached skill level 1 in Ranged Weapons
  1689 | D:3      | Reached skill level 1 in Throwing
  1689 | D:3      | Reached skill level 1 in Armour
  1689 | D:3      | Reached skill level 1 in Shields
  1689 | D:3      | Reached skill level 1 in Unarmed Combat
  1689 | D:3      | Reached skill level 1 in Evocations
  1770 | D:3      | Reached skill level 1 in Shapeshifting
  1770 | D:3      | Reached XP level 4. HP: 5/32 MP: 11/13
  1890 | D:3      | Found a glowing drain.
  1897 | Sewer    | Entered a sewer
  1901 | Sewer    | Learned a level 2 spell: Blink
  1905 | Sewer    | Learned a level 3 spell: Mephitic Cloud
  2084 | Sewer    | Noticed a crocodile
  2100 | Sewer    | Killed a crocodile
  2101 | Sewer    | Reached skill level 1 in Hexes
  2101 | Sewer    | Reached skill level 1 in Necromancy
  2101 | Sewer    | Reached skill level 1 in Fire Magic
  2101 | Sewer    | Reached skill level 1 in Ice Magic
  2101 | Sewer    | Reached skill level 1 in Air Magic
  2101 | Sewer    | Reached skill level 1 in Earth Magic
  2101 | Sewer    | Reached skill level 1 in Alchemy
  2101 | Sewer    | Reached XP level 5. HP: 37/37 MP: 4/14
  2738 | D:3      | Found a runed translucent door.
  2739 | D:3      | Noticed Crazy Yiuf
  2872 | D:4      | Found a glowing golden altar of the Shining One.
  2895 | D:4      | Reached XP level 6. HP: 44/44 MP: 16/16
  2961 | D:4      | Reached skill level 5 in Dodging
  2961 | D:4      | Reached skill level 2 in Shields
  3025 | D:4      | Became a worshipper of the Shining One
  3616 | D:5      | Entered Level 5 of the Dungeon
  3714 | D:5      | Reached XP level 7. HP: 51/51 MP: 15/18
  4290 | D:5      | Reached skill level 5 in Stealth
  4736 | D:6      | Found a staircase to the Ecumenical Temple.
  4886 | D:5      | Reached skill level 3 in Shields
  4886 | D:5      | Reached XP level 8. HP: 51/58 MP: 17/19
  5271 | D:6      | Noticed Maggie
  5306 | D:6      | Killed Maggie
  5307 | D:6      | Reached XP level 9. HP: 63/65 MP: 7/21
  5531 | D:6      | Reached skill level 4 in Shields
  5596 | D:6      | Found a broken altar of Ashenzari.
  5600 | D:6      | Saw a vision of the Swamp and the Snake Pit.
  5600 | D:6      | Noticed a naga mage
  5600 | D:6      | Reached * piety under the Shining One
  5600 | D:6      | Noticed a tyrant leech
  5600 | D:6      | Noticed a ghost crab
  5600 | D:6      | Noticed a salamander mystic
  5602 | D:6      | Noticed a swamp dragon
  5602 | D:6      | Noticed an eight-headed hydra
  5602 | D:6      | Noticed a bloated husk
  5602 | D:6      | Noticed a six-headed hydra
  5603 | D:6      | Noticed a bog body
  5603 | D:6      | Noticed a mana viper
  5604 | D:6      | Noticed a black mamba
  5606 | D:6      | Noticed a goliath frog
  5887 | Temple   | Entered the Ecumenical Temple
  6410 | D:6      | Found a basalt altar of Yredelemnul.
  6543 | D:7      | Reached skill level 5 in Shields
  6557 | D:7      | Reached skill level 5 in Invocations
  6876 | D:7      | Reached ** piety under the Shining One
  7141 | D:7      | Reached skill level 5 in Fighting
  7141 | D:7      | Reached skill level 5 in Short Blades
  7141 | D:7      | Reached skill level 5 in Long Blades
  7141 | D:7      | Reached skill level 5 in Axes
  7141 | D:7      | Reached skill level 5 in Maces & Flails
  7141 | D:7      | Reached skill level 5 in Polearms
  7141 | D:7      | Reached skill level 5 in Staves
  7141 | D:7      | Reached skill level 5 in Ranged Weapons
  7141 | D:7      | Reached skill level 5 in Throwing
  7141 | D:7      | Reached skill level 5 in Armour
  7141 | D:7      | Reached skill level 5 in Unarmed Combat
  7141 | D:7      | Reached skill level 5 in Evocations
  7144 | D:7      | Reached XP level 10. HP: 74/74 MP: 17/22
  7425 | D:8      | Found an iron altar of Okawaru.
  7436 | D:8      | Reached skill level 6 in Shields
  7496 | D:8      | Noticed Maurice
  7517 | D:8      | Killed Maurice
  7570 | D:8      | Found a hazy altar of Hepliaklqana.
  7673 | D:8      | Reached skill level 5 in Conjurations
  7673 | D:8      | Reached skill level 5 in Summonings
  7673 | D:8      | Reached skill level 5 in Translocations
  7752 | D:8      | Found a shimmering blue altar of Sif Muna.
  7752 | D:8      | Found an opulent altar of Gozag.
  7812 | D:8      | Found a shadowy altar of Dithmenos.
  7841 | D:8      | Reached skill level 5 in Shapeshifting
  7846 | D:8      | Noticed a kobold demonologist
  7855 | D:8      | Noticed a deep elf pyromancer
  7855 | D:8      | Noticed a purple ugly thing
  7855 | D:8      | Noticed a centaur warrior
  8013 | D:8      | Gained mutation: Armour fits poorly on your strangely
                  | shaped body. [a neqoxec]
  8048 | D:8      | Found a hazy altar of Hepliaklqana.
  8048 | D:8      | Found a shimmering blue altar of Sif Muna.
  8050 | D:8      | Found a shadowy altar of Dithmenos.
  8050 | D:8      | Found a glowing silver altar of Zin.
  8061 | D:8      | Reached skill level 7 in Shields
  8064 | D:8      | Found a flagged portal.
  8076 | Bailey   | Entered a bailey
  8664 | Bailey   | Identified the +3 scale mail of the Ward {Rampage rPois
                  | Int-2}
  8962 | Bailey   | Reached *** piety under the Shining One
  9126 | Bailey   | Noticed a kobold demonologist
  9137 | Bailey   | Killed a kobold demonologist
  9182 | Bailey   | Noticed a kobold demonologist
  9196 | Bailey   | Killed a kobold demonologist
  9197 | Bailey   | Reached skill level 5 in Hexes
  9197 | Bailey   | Reached skill level 5 in Necromancy
  9197 | Bailey   | Reached skill level 5 in Fire Magic
  9197 | Bailey   | Reached skill level 5 in Ice Magic
  9197 | Bailey   | Reached skill level 5 in Air Magic
  9197 | Bailey   | Reached skill level 5 in Earth Magic
  9197 | Bailey   | Reached skill level 5 in Alchemy
  9197 | Bailey   | Reached XP level 11. HP: 71/81 MP: 17/24
  9364 | Bailey   | Found an iron altar of Okawaru.
  9432 | Bailey   | Acquired the ring "Qokoistri" {Fly rF+ Will+ Int+5}
  9600 | D:8      | Noticed a tengu warrior
  9764 | D:8      | Noticed a two-headed ogre
 10329 | D:8      | Killed a two-headed ogre
 10330 | D:8      | Reached skill level 8 in Shields
 10335 | D:8      | Noticed a cyclops
 10402 | D:8      | Killed a cyclops
 10501 | D:8      | Killed a centaur warrior
 10521 | D:8      | Noticed a skeletal warrior
 10712 | D:8      | Killed a deep elf pyromancer
 10753 | D:8      | Killed a purple ugly thing
 11320 | D:9      | Reached **** piety under the Shining One
 11346 | D:9      | Reached skill level 10 in Spellcasting
 11523 | D:9      | Noticed a centaur warrior
 11532 | D:9      | Killed a centaur warrior
 11533 | D:9      | Reached skill level 9 in Shields
 11828 | D:9      | Acquired the +2 pair of boots of Morality {Fly rPois rN++
                  | MP-9}
 12153 | D:9      | Found a staircase to the Orcish Mines.
 12216 | D:10     | Entered Level 10 of the Dungeon
 12241 | D:10     | Noticed a two-headed ogre
 12256 | D:10     | Killed a two-headed ogre
 12460 | D:10     | Reached XP level 12. HP: 71/91 MP: 17/26
 12650 | D:10     | Found a runed translucent door.
 12780 | D:10     | Identified the +4 sling of the Lurker {drain, rC++}
 13076 | D:10     | Found a burning altar of Makhleb.
 13389 | D:11     | Noticed Snorg
 13461 | D:11     | Noticed Fannar
 13482 | D:11     | Killed Fannar
 13602 | D:11     | Found a staircase to the Lair.
 14188 | D:11     | Reached skill level 10 in Shields
 14444 | D:11     | Noticed a boulder beetle
 14456 | D:11     | Noticed Urug
 14470 | D:11     | Killed Urug
 14477 | D:11     | Killed a boulder beetle
 14892 | Lair:1   | Entered Level 1 of the Lair of Beasts
 14976 | Lair:1   | Identified the +0 leather armour "Luetzus" {rPois}
 15319 | Lair:1   | Found a dark tunnel.
 15362 | Volcano  | Entered a volcano
 15582 | Volcano  | Noticed a fire dragon
 15582 | Volcano  | Found the +3 pair of seven-league boots {Rampage+∞}
 15595 | Volcano  | Killed a fire dragon
 15596 | Volcano  | Reached XP level 13. HP: 40/98 MP: 15/27
 16099 | Lair:1   | Reached skill level 11 in Shields
 16660 | Lair:2   | Noticed Sonja
 16666 | Lair:2   | Killed Sonja
 17061 | Lair:2   | Noticed Harold
 17078 | Lair:2   | Noticed Erica
 17142 | Lair:2   | Killed Erica
 18150 | Lair:3   | Found a staircase to the Swamp.
 18598 | Lair:3   | Found a staircase to the Snake Pit.
 18809 | Lair:3   | Reached skill level 10 in Dodging
 19015 | Lair:4   | Reached ***** piety under the Shining One
 19118 | Lair:4   | Identified the +1 leather armour of Fashionability {Dex+3}
 19668 | Lair:4   | Reached skill level 10 in Stealth
 19668 | Lair:4   | Reached skill level 12 in Shields
 19689 | Lair:4   | Learned a level 4 spell: Manifold Assault
 19886 | Lair:4   | Found a staircase to the Slime Pits.
 19900 | Lair:4   | Found a blossoming altar of Fedhas.
 20224 | Lair:5   | Entered Level 5 of the Lair of Beasts
 20234 | Lair:5   | Reached XP level 14. HP: 108/108 MP: 29/29
 20371 | Lair:5   | Reached skill level 10 in Invocations
 20408 | Lair:5   | Noticed Josephine
 20429 | Lair:5   | Killed Josephine
 20683 | Lair:5   | Noticed Feocw's ghost (journeyman TrSh)
 20864 | Lair:5   | Found a runed translucent gate.
 20864 | Lair:5   | Found a runed translucent gate.
 20864 | Lair:5   | Found a runed translucent gate.
 21812 | Lair:5   | Reached skill level 13 in Shields
 22663 | Lair:5   | Reached skill level 10 in Fighting
 22663 | Lair:5   | Reached skill level 10 in Short Blades
 22663 | Lair:5   | Reached skill level 10 in Long Blades
 22663 | Lair:5   | Reached skill level 10 in Axes
 22663 | Lair:5   | Reached skill level 10 in Maces & Flails
 22663 | Lair:5   | Reached skill level 10 in Polearms
 22663 | Lair:5   | Reached skill level 10 in Staves
 22663 | Lair:5   | Reached skill level 10 in Ranged Weapons
 22663 | Lair:5   | Reached skill level 10 in Throwing
 22663 | Lair:5   | Reached skill level 10 in Armour
 22663 | Lair:5   | Reached skill level 10 in Unarmed Combat
 22663 | Lair:5   | Reached skill level 10 in Evocations
 23348 | Orc:1    | Entered Level 1 of the Orcish Mines
 23428 | Orc:1    | Reached XP level 15. HP: 94/115 MP: 26/31
 23517 | Orc:1    | Found a bloodstained altar of Trog.
 23568 | Orc:2    | Entered Level 2 of the Orcish Mines
 23737 | Orc:2    | Found Pity's Overcharged Wands.
 23792 | Orc:2    | Found Wofrecips's Armour Shop.
 23855 | Orc:2    | Found a staircase to the Elven Halls.
 24560 | Orc:2    | Reached ****** piety under the Shining One
 24561 | Orc:2    | Found a runed translucent door.
 24620 | Orc:2    | Noticed hawla's ghost (journeyman MiFi)
 24736 | Orc:2    | Found Locs's Distillery.
 24858 | Orc:2    | Found Joit Harri's General Store.
 24906 | Orc:2    | Bought a scroll of identify for 32 gold pieces
 24906 | Orc:2    | Bought a scroll of revelation for 120 gold pieces
 25337 | Orc:2    | Found Vuudoa Eqeyr's Jewellery Shop.
 25337 | Orc:2    | Found Sikodd's Antique Weapon Boutique.
 25338 | Orc:2    | Found a one-way gate leading to the halls of Pandemonium.
 25340 | Orc:2    | Bought an amulet of reflection for 510 gold pieces
 25653 | Orc:2    | Reached skill level 14 in Shields
 26051 | Orc:1    | Noticed an orc warlord
 26261 | Orc:1    | Killed an orc warlord
 26858 | D:8      | Found a shimmering altar of Xom.
 26948 | D:8      | Found Jiesimomn's Magic Scroll Shoppe.
 26951 | D:8      | Bought a scroll of fear for 64 gold pieces
 26951 | D:8      | Bought a scroll of teleportation for 48 gold pieces
 26951 | D:8      | Bought a scroll of fog for 64 gold pieces
 26951 | D:8      | Bought a scroll of acquirement for 832 gold pieces
 26951 | D:8      | Bought a scroll of identify for 32 gold pieces
 26952 | D:8      | Acquired a book of Power
 26963 | D:8      | Learned a level 6 spell: Bombard
 26969 | D:8      | Learned a level 5 spell: Iskenderun's Battlesphere
 27353 | D:3      | Killed Crazy Yiuf
 27904 | D:12     | Noticed Nergalle
 27930 | D:12     | Killed Nergalle
 29879 | D:13     | You are sucked into a shaft and drop 2 floors!
 29879 | D:15     | Entered Level 15 of the Dungeon
 29934 | D:15     | Reached skill level 10 in Shapeshifting
 30189 | D:13     | Acquired the scarf of Huonoer {repulsion, rCorr Int+7}
 30293 | D:13     | Reached XP level 16. HP: 124/124 MP: 29/32
 30367 | D:13     | Found a gate to the Vaults.
 30435 | D:13     | Identified the +1 robe of Geamuonu {-Tele Will+ Int+3}
 30819 | D:14     | Found a portal to a secret trove of treasure.
 31003 | D:14     | Found a hazy altar of Hepliaklqana.
 32308 | D:15     | Reached skill level 15 in Shields
 32495 | D:15     | Found a staircase to the Depths.
 33155 | Snake:1  | Entered Level 1 of the Snake Pit
 33922 | Snake:1  | Noticed Asterion
 33924 | Snake:1  | Noticed an Executioner
 34103 | Snake:1  | Noticed an Executioner
 34290 | Snake:1  | Killed Asterion
 34746 | Snake:1  | Reached skill level 10 in Conjurations
 34746 | Snake:1  | Reached skill level 10 in Summonings
 34746 | Snake:1  | Reached skill level 10 in Translocations
 35382 | Snake:1  | Found Dimneaxt's Book Emporium.
 36788 | Snake:2  | Found Romo's Book Boutique.
 36792 | Snake:2  | Found Feynluju's Magic Scroll Shop.
 36804 | Snake:2  | Reached XP level 17. HP: 133/133 MP: 25/34
 36885 | Snake:2  | Bought a manual of Stealth for 1120 gold pieces
 36958 | Snake:2  | Reached skill level 10 in Hexes
 36958 | Snake:2  | Reached skill level 10 in Necromancy
 36958 | Snake:2  | Reached skill level 10 in Fire Magic
 36958 | Snake:2  | Reached skill level 10 in Ice Magic
 36958 | Snake:2  | Reached skill level 10 in Air Magic
 36958 | Snake:2  | Reached skill level 10 in Earth Magic
 36958 | Snake:2  | Reached skill level 10 in Alchemy
 38145 | Snake:3  | Found Sauxt's Jewellery Emporium.
 38203 | Snake:3  | Identified the serpent talisman of Egalitarianism {Dex+4}
 38203 | Snake:3  | Noticed Aizul
 38227 | Snake:2  | Killed Aizul
 38636 | Snake:2  | Reached skill level 16 in Shields
 39435 | Snake:3  | Noticed Vashnia
 39436 | Snake:3  | Identified the +0 tower shield of the Bespelling Gods
                  | {rPois}
 39867 | Snake:3  | Identified the ring of Moral Flaws {rPois Str+3 Dex+3}
 39971 | Snake:3  | Found Judda's Tremendous Tomes.
 40477 | Snake:3  | Killed Vashnia
 41107 | Snake:4  | Entered Level 4 of the Snake Pit
 43287 | Snake:4  | Reached XP level 18. HP: 103/141 MP: 36/36
 44004 | Snake:4  | Reached skill level 17 in Shields
 44760 | Snake:4  | Got a serpentine rune of Zot
 45056 | Swamp:1  | Entered Level 1 of the Swamp
 45593 | Swamp:1  | You are sucked into a shaft and drop 1 floor!
 47377 | Swamp:2  | Learned a level 4 spell: Ignite Poison
 47383 | Swamp:2  | Learned a level 5 spell: Freezing Cloud
 48307 | Swamp:3  | Acquired a +6 eveningstar of protection
 48383 | Swamp:3  | Identified a +8 eveningstar of holy wrath (a +6 eveningstar
                  | of protection blessed by the Shining One)
 48383 | Swamp:3  | Received a gift from the Shining One
 48386 | Swamp:3  | Noticed Louise
 48430 | Swamp:3  | Killed Louise
 48632 | Swamp:4  | Entered Level 4 of the Swamp
 49148 | Swamp:3  | Reached skill level 15 in Stealth
 49634 | Swamp:3  | Reached XP level 19. HP: 127/149 MP: 37/37
 50248 | Swamp:4  | Reached skill level 18 in Shields
 50598 | Swamp:4  | Reached skill level 15 in Spellcasting
 51095 | Swamp:4  | Noticed the 27-headed Lernaean hydra
 51487 | Swamp:4  | Killed the 27-headed Lernaean hydra
 51759 | Swamp:4  | Got a decaying rune of Zot
 52856 | D:11     | Killed Snorg
 53000 | Vaults:1 | Entered Level 1 of the Vaults
 53238 | Vaults:1 | Found Urupeita's Antique Weapon Shop.
 54938 | Vaults:1 | Reached skill level 15 in Invocations
 55861 | Vaults:2 | Reached XP level 20. HP: 140/158 MP: 21/39
 55866 | Vaults:1 | Paralysed by a formless jellyfish for 1 turns
 56278 | Vaults:2 | Found a crumbling gateway.
 56287 | Desolati | Entered the Desolation of Salt
 56640 | Vaults:2 | Reached skill level 19 in Shields
 58123 | Vaults:2 | Reached skill level 15 in Dodging
 58287 | Vaults:3 | Noticed Sojobo
 58857 | Vaults:3 | Noticed Mara
 59807 | Vaults:2 | Noticed toastdancer's illusion
 60053 | Vaults:2 | Noticed toastdancer's illusion
 60064 | Vaults:2 | Killed Mara
 60863 | Vaults:3 | Reached XP level 21. HP: 121/166 MP: 34/41
 62087 | Vaults:3 | Reached skill level 20 in Shields
 62406 | Vaults:3 | Killed Sojobo
 62897 | Vaults:3 | Noticed a bone dragon
 62918 | Vaults:3 | Killed a bone dragon
 63140 | Vaults:3 | Found a staircase to the Crypt.
 63949 | Elf:1    | Entered Level 1 of the Elven Halls
 64075 | Elf:1    | Reached skill level 15 in Fighting
 64075 | Elf:1    | Reached skill level 15 in Short Blades
 64075 | Elf:1    | Reached skill level 15 in Long Blades
 64075 | Elf:1    | Reached skill level 15 in Axes
 64075 | Elf:1    | Reached skill level 15 in Maces & Flails
 64075 | Elf:1    | Reached skill level 15 in Polearms
 64075 | Elf:1    | Reached skill level 15 in Staves
 64075 | Elf:1    | Reached skill level 15 in Ranged Weapons
 64075 | Elf:1    | Reached skill level 15 in Throwing
 64075 | Elf:1    | Reached skill level 15 in Armour
 64075 | Elf:1    | Reached skill level 15 in Unarmed Combat
 64075 | Elf:1    | Reached skill level 15 in Evocations
 64174 | Elf:1    | Acquired the +0 pair of gloves of the Beginning {rElec
                  | Str+2}
 64857 | Elf:1    | Got the Papyrus of the Boggart
 65127 | Elf:1    | Found a runed translucent gate.
 65127 | Elf:1    | Found a runed translucent gate.
 65127 | Elf:1    | Found a runed translucent gate.
 65283 | Elf:1    | Found a runed translucent gate.
 65283 | Elf:1    | Identified the +1 broad axe of Equivalence {heavy, rN+}
 65283 | Elf:1    | Identified the +3 ring mail of the Lily {rElec rF- Dex+5
                  | SInv}
 65284 | Elf:1    | Found a runed translucent gate.
 65285 | Elf:1    | Noticed spaghetti's ghost (adept DsHu)
 65285 | Elf:1    | Found a runed translucent gate.
 65476 | Elf:1    | Found an iron altar of Okawaru.
 66262 | Elf:2    | Noticed Zenata
 66360 | Elf:2    | Killed Zenata
 66769 | Elf:2    | Found a runed translucent gate.
 66771 | Elf:2    | Found a runed translucent gate.
 66771 | Elf:2    | Found a runed translucent gate.
 66800 | Elf:2    | Reached XP level 22. HP: 175/175 MP: 33/42
 68137 | Elf:3    | Entered Level 3 of the Elven Halls
 69629 | Elf:3    | Reached skill level 21 in Shields
 69951 | Elf:3    | Identified the +0 rapier of Dezxoim {holy, rC+ MP+9 Int+3
                  | Dex+4}
 69985 | Elf:3    | Identified the +8 morningstar of the Jester {speed, Fly
                  | rC+}
 69985 | Elf:3    | Identified the ring "Resi" {*Slow rElec Str+8 Int+6 Dex-4}
 69996 | Elf:3    | Identified the amulet "Ubumpip" {Faith Rampage rElec rF++
                  | Slay-5}
 70642 | Elf:3    | Identified the ring of the Invisible Hand {Fire Str+3}
 70650 | Elf:3    | Identified the +3 troll leather armour of Ethereal Surprise
                  | {rF+ rC+ Regen+ Int-3}
 70977 | Elf:3    | Identified the +12 morningstar of the Establishment {elec,
                  | rC- rN+ rCorr}
 71528 | Elf:3    | Identified the +0 helmet of Shielding {rF- Regen+ rCorr
                  | Str+5}
 72132 | Vaults:4 | Paralysed by a formless jellyfish for 1 turns
 72297 | Vaults:4 | Identified the +1 cloak "Xewa" {rN++ Stlth-}
 72782 | D:8      | Fell from the grace of the Shining One
 72782 | D:8      | Became a worshipper of Zin the Law-Giver
 72782 | D:8      | Reached * piety under Zin
 72782 | D:8      | Reached ** piety under Zin
 72782 | D:8      | Reached *** piety under Zin
 72782 | D:8      | Reached **** piety under Zin
 72782 | D:8      | Reached ***** piety under Zin
 74107 | Vaults:4 | Reached XP level 23. HP: 129/183 MP: 37/44
 74890 | Vaults:4 | Found a runed translucent gate.
 74890 | Vaults:4 | Found a runed translucent gate.
 74890 | Vaults:4 | Found a runed translucent gate.
 74895 | Vaults:4 | Noticed Moagi's ghost (adept GnSk)
 74895 | Vaults:4 | Noticed mantisjm's ghost (veteran HOFi)
 75400 | Depths:1 | Entered Level 1 of the Depths
 75404 | Depths:1 | Noticed Nikola
 75419 | Depths:1 | Killed Nikola
 76159 | Snake:2  | Bought a book of the Moon for 560 gold pieces
 76159 | Snake:2  | Bought the Codex of the Transposed Impact for 364 gold
                  | pieces
 76164 | Snake:2  | Learned a level 4 spell: Fulminant Prism
 76173 | Snake:2  | Learned a level 8 spell: Lehudib's Crystal Spear
 76295 | Lair:2   | Killed Harold
 77241 | Depths:1 | Found a gateway to Hell.
 78605 | Depths:2 | Reached skill level 15 in Shapeshifting
 78630 | Depths:2 | Found Jeennaen's Changing Room.
 79066 | Depths:2 | Identified the -2 helmet of the Several Friends {Harm rElec
                  | Dex-2}
 79164 | Depths:2 | Reached skill level 22 in Shields
 80361 | Depths:2 | Learned a level 5 spell: Lee's Rapid Deconstruction
 80563 | Depths:3 | Found a one-way gate to the infinite horrors of the Abyss.
 80600 | Depths:3 | Found a white marble altar of Elyvilon.
 80844 | Depths:3 | Noticed Xtahua
 81764 | Depths:3 | Found a one-way gateway to a ziggurat.
 81954 | Depths:3 | Reached XP level 24. HP: 154/193 MP: 27/44
 82092 | Depths:3 | Killed Xtahua
 83244 | Depths:3 | Reached skill level 15 in Necromancy
 83433 | Depths:4 | Entered Level 4 of the Depths
 83524 | Depths:4 | Noticed a juggernaut
 83701 | Depths:3 | Reached ****** piety under Zin
 84183 | Depths:4 | Killed a juggernaut
 84826 | Depths:4 | Found a shimmering blue altar of Sif Muna.
 86058 | Depths:4 | Found a gate to the Realm of Zot.
 86496 | Slime:1  | Entered Level 1 of the Pits of Slime
 87144 | Slime:1  | Reached skill level 23 in Shields
 89322 | Slime:2  | Lost mutation: Armour fits poorly on your strangely shaped
                  | body. [potion of mutation]
 90135 | Slime:4  | Reached XP level 25. HP: 187/201 MP: 4/45
 90496 | Slime:5  | Entered Level 5 of the Pits of Slime
 91609 | Slime:5  | Noticed the Royal Jelly
 91788 | Slime:5  | Killed the Royal Jelly
 91789 | Slime:5  | Reached skill level 15 in Conjurations
 91789 | Slime:5  | Reached skill level 15 in Summonings
 91789 | Slime:5  | Reached skill level 15 in Translocations
 92342 | Slime:5  | Got a slimy rune of Zot
 92349 | Slime:5  | Identified the ring of Niezi {Fire rElec Str+5 Int-5 Dex+4}
 92365 | Slime:5  | Identified the orb of the Devil {*Rage, ^Contam rC+ Regen+
                  | Ice}
 92402 | Slime:5  | Identified the +0 chain mail "Kaibb" {Dex+2}
 92405 | Slime:5  | Got the Quarto of the Graveyard and Chemistry
 92900 | Snake:3  | Bought the Exposition on Vapour and Lithomancy for 1880
                  | gold pieces
 92992 | Snake:2  | Bought a scroll of fog for 80 gold pieces
 92992 | Snake:2  | Bought a scroll of enchant weapon for 150 gold pieces
 92992 | Snake:2  | Bought a scroll of silence for 190 gold pieces
 93790 | Zot:1    | Entered Level 1 of the Realm of Zot
 95750 | Zot:1    | Reached skill level 15 in Hexes
 95750 | Zot:1    | Reached skill level 15 in Fire Magic
 95750 | Zot:1    | Reached skill level 15 in Ice Magic
 95750 | Zot:1    | Reached skill level 15 in Air Magic
 95750 | Zot:1    | Reached skill level 15 in Earth Magic
 95750 | Zot:1    | Reached skill level 15 in Alchemy
 97476 | Zot:1    | Identified the +9 battleaxe of the Weasel {freeze, rN+
                  | rCorr Int+8 Dex-2}
 97557 | Zot:1    | Identified the +7 flail "Jeuh" {drain, rC+ Str+4 Stlth+}
 97713 | Zot:1    | Identified the +6 dire flail of True Grit {flame, rPois
                  | Dex+3 SInv Stlth-}
 98182 | Zot:1    | Noticed a dread lich
 98200 | Zot:1    | Paralysed by something for 2 turns
 98242 | Depths:4 | Killed a dread lich
 98406 | Zot:1    | Noticed a dread lich
 98425 | Zot:1    | Killed a dread lich
 98452 | Zot:1    | Reached skill level 24 in Shields
 99059 | Zot:1    | Found a candlelit altar of Ignis.
 99839 | Zot:2    | Reached XP level 26. HP: 176/211 MP: 10/46
100502 | Zot:2    | Identified the +6 short sword of Wisdom {venom, rPois rF+}
109328 | Zot:4    | Reached XP level 27. HP: 149/219 MP: 36/46
109473 | Zot:4    | Learned a level 6 spell: Plasma Beam
109927 | Zot:5    | Entered Level 5 of the Realm of Zot
112197 | Zot:5    | Noticed an ancient lich
112213 | Zot:5    | Killed an ancient lich
112372 | Zot:5    | Noticed an orb of fire
112406 | Zot:5    | Killed an orb of fire
112653 | Zot:5    | Noticed an orb of fire
112669 | Zot:5    | Killed an orb of fire
112864 | Zot:5    | Reached skill level 25 in Shields
113018 | Zot:5    | Noticed an orb of fire
113031 | Zot:5    | Killed an orb of fire
113424 | Zot:5    | Noticed a dread lich
113436 | Zot:5    | Killed a dread lich
114119 | Zot:5    | Noticed an orb of fire
114134 | Zot:5    | Noticed an orb of fire
114390 | Zot:5    | Noticed an orb of fire
114426 | Zot:5    | Killed an orb of fire
114551 | Zot:5    | Noticed an orb of fire
114898 | Zot:5    | Killed an orb of fire
115013 | Zot:5    | Killed an orb of fire
115211 | Zot:5    | Killed an orb of fire
116877 | Crypt:1  | Entered Level 1 of the Crypt
118304 | Crypt:1  | Learned a level 5 spell: Fireball
118790 | Crypt:2  | Found a transporter.
118797 | Crypt:2  | Noticed a dread lich
118814 | Crypt:2  | Found a transporter.
118868 | Crypt:2  | Found a transporter.
118892 | Crypt:2  | Found a transporter.
118892 | Crypt:2  | Found a transporter.
119737 | Crypt:2  | Noticed Jory
119750 | Crypt:2  | Killed Jory
120040 | Crypt:3  | Entered Level 3 of the Crypt
121942 | Crypt:3  | Found an ancient bone altar of Kikubaaqudgha.
122402 | Crypt:3  | Found a staircase to the Tomb.
122423 | Crypt:3  | Noticed an ancient lich
122440 | Crypt:3  | Killed an ancient lich
122562 | Crypt:3  | Identified the +5 rapier "Gulac" {drain, rC- rN+ Int+3
                  | Dex+2}
122563 | Crypt:3  | Identified the staff of Joyful Slaughter {rF+ Int+4 Fire}
123022 | Hell     | Entered the Vestibule of Hell
123022 | Hell     | Noticed Geryon
124882 | Hell     | Killed Geryon
125740 | D:14     | You paid a toll of a +5 demon blade to enter a treasure
                  | trove
125741 | Trove    | Entered a treasure trove
125751 | Trove    | Identified the +0 pair of gloves "Withrakke" {^Contam Str+3
                  | SInv}
125752 | Trove    | Identified the +0 pair of boots of Makhleb's Generosity
                  | {rElec Will+ Str-2 Dex+2}
125754 | Trove    | Identified the +2 robe of Winter {Will+ Str+5}
125756 | Trove    | Identified the +2 hat "Moyqeu" {rElec Str+4}
125757 | Trove    | Identified the +0 pair of gloves of Calculation {rPois rF+
                  | rC+ Str-5}
125758 | Trove    | Identified the +2 pair of boots of the Gloaming {rPois
                  | Int+4}
125759 | Trove    | Identified the +10 gold dragon scales "Ipas" {rPois rF+ rC+
                  | Str+3 Dex+3}
125761 | Trove    | Identified the +0 plate armour "Vidig" {rF++ Will- Int+2}
125762 | Trove    | Identified the +12 crystal plate armour "Esmosorch" {rPois
                  | Will- Regen+}
125763 | Trove    | Identified the +0 leather armour "Coll" {rElec Str+3}
125765 | Trove    | Identified the scarf of Distant Shores {shadows, Rampage
                  | rElec}
126029 | Hell     | Found a gateway to the freezing wastes of Cocytus.
126403 | Hell     | Found a gateway to the Iron City of Dis.
126499 | Hell     | Found a gateway to the ashen valley of Gehenna.
126589 | Hell     | Found a gateway to the decaying netherworld of Tartarus.
126953 | Depths:3 | Voluntarily entered the Abyss.
126956 | Abyss:1  | Found a corrupted altar of Lugonu.
126985 | Abyss:1  | Found a corrupted altar of Lugonu.
127241 | Abyss:3  | Found a corrupted altar of Lugonu.
127340 | Depths:3 | Escaped the Abyss
127359 | Depths:3 | Voluntarily entered the Abyss.
127368 | Abyss:3  | Learned a level 1 spell: Apportation
127408 | Abyss:3  | Got an abyssal rune of Zot
127418 | Abyss:3  | Found a corrupted altar of Lugonu.
127421 | Abyss:3  | Found a corrupted altar of Lugonu.
127452 | Depths:3 | Escaped the Abyss
127521 | Depths:3 | Acquired a book of Blasting
127530 | Depths:3 | Learned a level 4 spell: Iskenderun's Mystic Blast
127530 | Depths:3 | Acquired the ring of the Cockatrice {rF+ Will+ Str+3 Dex-2
                  | SInv}
127531 | Depths:3 | Acquired 800 gold pieces
127844 | Vaults:5 | Entered Level 5 of the Vaults
129047 | Vaults:5 | Identified the +11 dagger of Kiuheph {venom, rElec Will-
                  | rCorr Str+7}
129100 | Vaults:5 | Noticed a dread lich
129119 | Vaults:5 | Killed a dread lich
130093 | Vaults:5 | Identified the staff of Offence {rC+ Str+4 Ice}
130629 | Vaults:5 | Reached skill level 26 in Shields
130742 | Vaults:5 | Paralysed by a sphinx for 3 turns
131183 | Vaults:5 | Identified the +1 leather armour of Jaacepir {^Drain rC+
                  | Dex+6 Stlth+}
131183 | Vaults:5 | Identified the ring "Jiguj" {rPois Dex+3}
131300 | Vaults:5 | Noticed a dread lich
131311 | Vaults:5 | Killed a dread lich
131562 | Vaults:5 | Got the Grimoire of Amorphous Concussion
131616 | Vaults:5 | Got a silver rune of Zot
131920 | Vaults:5 | Identified the ring "Jaxik" {rPois rN+ Slay+4}
132256 | Vaults:4 | Noticed Mennas
133373 | Pan      | Entered Pandemonium
133978 | Pan      | Noticed Osotiruli the pandemonium lord
134231 | Pan      | Found a runed translucent door.
134571 | Pan      | Noticed Ywietyaps the pandemonium lord
134581 | Pan      | Killed from afar by Ywietyaps the pandemonium lord

Illustrated notes

Levels and vault maps discovered:
D:1:      lemuel_arrival_muddy, layout_basic
D:2:      layout_rooms, chequers_serial_rivers_small_a
D:3:      layout_rooms, portal_sewer_entry_e, lightli_corner_chamber,
          uniq_crazy_yiuf_cottage
D:4:      layout_gridville, mainiacjoe_overflow_chevrons
D:5:      layout_gridville
D:6:      layout_loops_ring, lemuel_zombie_altar_yredelemnul,
          grunt_ashenzari_visionary [grunt_ashenzari_visionary_swamp,
          grunt_ashenzari_visionary_snake], minmay_temple_entry_sparse_star,
          grunt_ministairs_10, minmay_misc_feat_x, minmay_manual_monstrance,
          uniq_maggie
D:7:      layout_loops_ring, serial_glass, glass_columns_a, glass_columns_b,
          glass_columns_b, glass_columns_b, glass_columns_b, glass_columns_b,
          glass_columns_c, glass_columns_b, glass_columns_a, glass_columns_a,
          minmay_strange_pillars
D:8:      minmay_the_grid_octo_tiled_octocenter [minmay_the_grid_octo_shrine,
          minmay_the_grid_octo_odd_swirl, minmay_the_grid_octo_77,
          minmay_the_grid_octo_fan_narrow,
          minmay_the_grid_octo_prize_ultimate_mussel_roller,
          minmay_the_grid_square_5x5_fat_x, minmay_the_grid_square_5x5_dogpile,
          minmay_the_grid_square_5x5_minibox, minmay_the_grid_square_5x5_empty],
          layout_basic, mainiacjoe_overflow_six_doors_small,
          okawaru_ov_weapons_minmay, nicolae_overflow_crystal_walls,
          xom_butterflies, nicolae_overflow_two_pavilions, enter_bailey_5,
          serial_shops, kennysheep_mini, kennysheep_generic_room_16,
          uniq_maurice
D:9:      layout_loops_corners, orc_0_dummy, nicolae_zen_rock_garden,
          supply_closet_lemuel
D:10:     gammafunk_mikee_crab_dinner, layout_long_grid, lightli_temple_of_fire
D:11:     layout_cave_pods, david_lair_shrubbed, special_room
          [special_room_bee], uniq_fannar, uniq_urug, uniq_snorg
D:12:     layout_layer_cave, grunt_ministairs_14, uniq_nergalle
D:13:     layout_basic, david_vaults_4
D:14:     layout_loops_corners, old_standard_altar, enter_trove_2
D:15:     gammafunk_enter_depths_forms, layout_irregular_city,
          kennysheep_flooded_box
Temple:   nicolae_temple_godzebo
Lair:1:   layout_loops_ring, nicolae_volcano_entry_vermiform,
          bh_autumn_forest_stairs, grunt_megastairs_5
Lair:2:   layout_roguey, kennysheep_abandoned_house, uniq_sonja, uniq_harold,
          uniq_erica
Lair:3:   layout_big_grid, nicolae_swamp_entry_splash_gauntlet,
          nicolae_snake_entry_squirm, serial_forest, infiniplex_forest_corner_1,
          infiniplex_forest_straight_5, infiniplex_forest_corner_1,
          infiniplex_forest_lined_room_2, infiniplex_forest_split,
          infiniplex_forest_clump_cross, infiniplex_forest_corner_2,
          gammafunk_lair_bear_cave
Lair:4:   layout_long_grid, nicolae_slime_entry_slimehenge, basic_altar,
          dreamdust_mushroom_princess, hangedman_lair_unloving_vines
Lair:5:   guppyfry_lair_end_dragon, layout_gridlike, hangedman_lair_in_review,
          maelrawn_ghost_gauntlet_escape, infiniplex_staircase_pool_2,
          uniq_josephine
Swamp:1:  layout_basic_swamp, evilmike_swamp_ruin_wall,
          infiniplex_staircase_pool
Swamp:2:  nicolae_swamp_standing_stones, layout_basic_swamp, serial_swamp_ruin,
          evilmike_swamp_ruin_house_3, hangedman_swamp_ruin_wall,
          evilmike_swamp_ruin_house_2
Swamp:3:  layout_basic_swamp, evilmike_swamp_ruin_house_4, swamp_pool_3,
          uniq_louise
Swamp:4:  grunt_swamp_rune_castle, layout_basic_swamp
Snake:1:  layout_cave_pods, nicolae_take_the_stairs,
          hangedman_snake_corridor_split, uniq_asterion
Snake:2:  layout_honeycomb, lemuel_fruit_tree, minmay_shoptagon
Snake:3:  layout_rooms, serial_shops, shop, nicolae_shop_i_like_big_books,
          grunt_megastairs_2, uniq_vashnia, uniq_aizul
Snake:4:  snake_pit_salamanders_mu, layout_misc_corridors
Slime:1:  cheibrodos_slime_lost_civilization_2, layout_caves
Slime:2:  layout_caves
Slime:3:  layout_caves
Slime:4:  layout_caves
Slime:5:  slime_pit_nicolae_royal_road_to_ruin
Orc:1:    layout_caves, basic_altar, kennysheep_orc_chapel
Orc:2:    pf_orc_diabolical, layout_diamond_mine, serial_shops,
          nicolae_shop_window_shopping, ebering_ghost_reflecting_pool,
          nicolae_shop_overcharged_wands
Elf:1:    eino_elf_arrival_sip, layout_loops_cross,
          gammafunk_ghost_fury_of_okawaru, minmay_elf_demonology,
          nicolae_elf_hall_of_bonks
Elf:2:    nicolae_elf_blades_crystal_corner, layout_geoelf_octagon, uniq_zenata
Elf:3:    minmay_elf_hall_not_hex, layout_geoelf_grid,
          wad_floor_pattern_untrapped, corexii_hall_statues_i, st_stairs_12
Vaults:1: nicolae_vaults_network_quincunx
          [nicolae_vaults_network_quincunx_subvault,
          nicolae_vaults_network_quincunx_subvault,
          nicolae_vaults_network_quincunx_subvault,
          nicolae_vaults_network_quincunx_subvault,
          nicolae_vaults_network_quincunx_subvault], nicolae_vaults_alarming,
          nicolae_vaults_network_square, nicolae_vaults_turnstiles,
          nicolae_vaults_angled_halls, nicolae_vaults_doubleplus_tesselated,
          dpeg_vaults_monster_box, nicolae_vaults_tetromino_L_2,
          ontoclasm_vaults_ligature, vaults_mumra_lcd, nicolae_vaults_gold_heap,
          nicolae_vaults_statue_guard, layout_vaults_maze_snakey, serial_shops,
          shop
Vaults:2: portal_desolation_entry_ruin, vaults_mumra_hexcomb,
          nicolae_vaults_big_ls, v_misc_17, vaults_room_guarded_vault,
          hangedman_vaults_maws, nicolae_vaults_tetromino_T_1,
          nicolae_vaults_wine_cellar, nicolae_vaults_tetromino_T_1,
          nicolae_vaults_house_2, layout_vaults_big_room
Vaults:3: grunt_vaults_trifunnel, nicolae_vaults_little_squares_4,
          hangedman_vaults_corner_blocks, minmay_crypt_entry_nasty_monster,
          ontoclasm_vaults_decontamination, vaults_mumra_minichess_inversion,
          nicolae_vaults_more_shelving_1, vaults_mumra_minichess, st_octagons_1,
          nicolae_vaults_what_the_h, layout_vaults_omnigrid, uniq_mara,
          uniq_sojobo
Vaults:4: gammafunk_ghost_cemetery, grunt_vaults_twisty, v_rooms_1, v_misc_33,
          v_misc_33, nicolae_vaults_twisting_passages, grunt_vaults_focal,
          nicolae_vaults_door_testing_chamber, v_alt_pattern_3,
          nicolae_vaults_trapezoid_lopsided_3,
          nicolae_vaults_thirteen_compartments, nicolae_vaults_rhombus_7,
          nicolae_vaults_tetromino_T_1, layout_vaults_omnibox, uniq_mennas
Vaults:5: serial_shops
Crypt:1:  cheibrodos_crypt_draghalla, layout_misc_corridors, st_stairs_12
Crypt:2:  gammafunk_the_bubble [the_bubble_gammafunk_roulette],
          layout_misc_corridors, uniq_jory, uniq_margery
Crypt:3:  cryptofortress_bobbens
Depths:1: layout_gridlike, grunt_hell_entry_dis_old, kennysheep_boxes,
          uniq_nikola
Depths:2: minmay_roctagon, layout_cave_pools, hangedman_geh_valley,
          chequers_serial_rivers_room_a, rand_demon_pan_entry_4,
          reono_crystal_passage, minmay_misc_feat_rows,
          nicolae_transmutations_shop, kennysheep_generic_room_15
Depths:3: minmay_distorted_concentric_squares, layout_gridlike,
          enter_ziggurat_b, minmay_staircase_bubble, abyss_entry, hell_entry,
          elyvilon_altar_5, kennysheep_random_hallway, uniq_xtahua
Depths:4: grunt_zot_entry_gee_three, layout_cave_pools, grunt_mini_vestibule,
          abyss_entry, hellmonk_sif_muna_bookshelves
Hell
Zot:1:    regret_index_infernal_bastille, layout_cellular_growth,
          hangedman_zot_gyre
Zot:2:    nicolae_moth_party, layout_basic, regret_index_zotdec_wing_it
Zot:3:    layout_onion_interference, regret_index_zotdec_dark_gr
Zot:4:    minmay_elemental_castle, layout_misc_corridors
Zot:5:    layout_misc_corridors, grunt_ministairs_7,
          regret_index_zotdec_slimy_original, st_stairs_6
Pan:      evilmike_mini_pan_doors_b, layout_small_grid, pan_blood_fountain,
          evilmike_mini_pan_possible_glass, layout_rooms, rand_demon_9,
          layout_pan_divisions_a [pan_division_quadrant_a3,
          pan_division_quadrant_a6, pan_division_quadrant_a3,
          pan_division_quadrant_a3, pan_division_octagon_halves],
          pan_blood_fountain_small

Skill      XL: |  1  2  3  4  5  6  7  8  9 10 11 12 13 14 15 16 17 18 19 20 21 22 23 24 25 26 27 |
---------------+----------------------------------------------------------------------------------+-----
Conjurations   | 2 3 4 5 6 7 8 9 10 11 12 13 14 15 16 17 | 17.7
Summonings     | 2 3 4 5 6 7 8 9 10 11 12 13 14 15 16 17 | 17.7
Translocations | 2 3 4 5 6 7 8 9 10 11 12 13 14 15 16 17 | 17.7
Invocations    | 1 2 3 4 5 6 7 8 9 10 11 12 13 14 15 16 17 18 19 20 22 | 22.2
Fighting       | 1 2 3 5 6 7 8 9 10 11 12 13 14 15 16 17 18 20 | 20.6
Short Blades   | 1 2 3 5 6 7 8 9 10 11 12 13 14 15 16 17 18 20 | 20.6
Long Blades    | 1 2 3 5 6 7 8 9 10 11 12 13 14 15 16 17 18 20 | 20.6
Axes           | 1 2 3 5 6 7 8 9 10 11 12 13 14 15 16 17 18 20 | 20.7
Maces & Flails | 1 2 3 5 6 7 8 9 10 11 12 13 14 15 17 18 19 20 24 | 24.1
Polearms       | 1 2 3 5 6 7 8 9 10 11 12 13 14 15 16 17 18 20 | 20.6
Staves         | 1 2 3 5 6 7 8 9 10 11 12 13 14 15 16 17 18 20 | 20.6
Ranged Weapons | 1 2 3 5 6 7 8 9 10 11 12 13 14 15 16 17 18 20 | 20.6
Throwing       | 1 2 3 5 6 7 8 9 10 11 12 13 14 15 16 17 18 20 | 20.6
Armour         | 1 2 3 5 6 7 8 9 10 11 12 13 14 15 16 17 18 20 | 20.6
Shields        | 1 2 3 5 7 9 10 12 13 14 15 16 17 18 19 20 21 22 23 24 26 | 26.1
Unarmed Combat | 1 2 3 5 6 7 8 9 10 11 12 13 14 15 16 17 18 20 | 20.6
Evocations     | 1 2 3 5 6 7 8 9 10 11 12 13 14 15 16 17 18 20 | 20.6
Shapeshifting  | 1 2 3 4 5 6 7 8 9 10 11 12 13 14 15 16 17 19 | 19.0
Hexes          | 1 2 3 4 5 6 7 8 9 10 11 12 13 14 15 17 | 17.6
Necromancy     | 1 2 3 4 5 6 7 8 9 10 11 12 13 14 15 16 17 20 | 20.7
Fire Magic     | 1 2 3 4 5 6 7 8 9 10 11 12 13 14 15 17 | 17.6
Ice Magic      | 1 2 3 4 5 6 7 8 9 10 11 12 13 14 15 17 | 17.6
Air Magic      | 1 2 3 4 5 6 7 8 9 10 11 12 13 14 15 17 | 17.6
Earth Magic    | 1 2 3 4 5 6 7 8 9 10 11 12 13 14 15 17 | 17.6
Alchemy        | 1 2 3 4 5 6 7 8 9 10 11 12 13 14 15 17 | 17.6
Dodging        | 5 6 7 8 9 10 11 12 13 14 15 16 17 18 19 21 | 21.0
Stealth        | 5 6 7 8 9 10 11 12 13 15 16 17 18 19 20 21 22 23 25 | 25.7
Spellcasting   | 8 9 10 11 12 13 14 15 16 17 18 19 21 | 21.5

Action                     |  1- 3 |  4- 6 |  7- 9 | 10-12 | 13-15 | 16-18 | 19-21 | 22-24 | 25-27 || total
---------------------------+-------+-------+-------+-------+-------+-------+-------+-------+-------++-------
  Melee: Dagger            |    42 |   119 |   154 |       |       |       |       |       |       ||   315
         Bite              |     2 |    17 |    85 |    97 |   212 |   294 |   299 |   370 |   717 ||  2093
         Punch             |       |     5 |    18 |     9 |    16 |       |       |       |       ||    48
         Staff             |       |       |   222 |   107 |       |       |       |       |       ||   329
         Halberd           |       |       |       |   329 |       |       |       |       |       ||   329
         Scimitar          |       |       |       |    68 |   980 |  1301 |  1187 |   291 |    85 ||  3912
         War axe           |       |       |       |    36 |    48 |    41 |    76 |       |       ||   201
         Maw               |       |       |       |       |    51 |    97 |       |       |       ||   148
         Unarmed           |       |       |       |       |       |    28 |       |       |       ||    28
         Constrict         |       |       |       |       |       |     8 |       |       |       ||     8
         Hand cannon       |       |       |       |       |       |     3 |       |       |       ||     3
         Eveningstar       |       |       |       |       |       |       |    44 |   261 |  1006 ||  1311
         Morningstar       |       |       |       |       |       |       |       |  1337 |  2300 ||  3637
   Fire: Hand cannon       |       |       |       |       |   265 |   402 |   133 |     4 |       ||   804
  Throw: Javelin           |       |       |       |       |       |       |       |       |     2 ||     2
   Cast: Magic Dart        |    78 |    52 |    64 |    31 |    13 |    10 |    11 |    25 |    40 ||   324
         Mephitic Cloud    |       |     7 |    42 |   102 |   141 |    95 |   157 |   126 |    50 ||   720
         Blink             |       |     1 |     5 |     2 |    13 |    16 |    18 |    25 |    40 ||   120
         Manifold Assault  |       |       |       |       |     4 |    21 |    40 |    99 |    32 ||   196
         Iskenderun's Batt |       |       |       |       |       |     2 |     5 |     9 |     7 ||    23
         Ignite Poison     |       |       |       |       |       |     3 |    54 |    65 |    14 ||   136
         Bombard           |       |       |       |       |       |       |    51 |   206 |   317 ||   574
         Freezing Cloud    |       |       |       |       |       |       |     5 |    21 |     5 ||    31
         Fulminant Prism   |       |       |       |       |       |       |       |     9 |    12 ||    21
         Lee's Rapid Decon |       |       |       |       |       |       |       |    39 |   282 ||   321
         Lehudib's Crystal |       |       |       |       |       |       |       |       |   107 ||   107
         Plasma Beam       |       |       |       |       |       |       |       |       |    18 ||    18
         Iskenderun's Myst |       |       |       |       |       |       |       |       |     6 ||     6
         Fireball          |       |       |       |       |       |       |       |       |     2 ||     2
         Apportation       |       |       |       |       |       |       |       |       |     1 ||     1
 Invoke: Cleansing Flame   |       |       |       |       |       |     2 |       |       |       ||     2
         Summon Divine War |       |       |       |       |       |     1 |       |       |       ||     1
         Brand Weapon With |       |       |       |       |       |     1 |       |       |       ||     1
         Recite            |       |       |       |       |       |       |       |     5 |    17 ||    22
         Sanctuary         |       |       |       |       |       |       |       |     1 |       ||     1
Ability: Begin Untransform |     2 |       |       |       |     1 |     3 |       |       |       ||     6
  Evoke: Wand              |       |       |     4 |     3 |    14 |    13 |     8 |     1 |     6 ||    49
    Use: Scroll            |     1 |     1 |     5 |     8 |    14 |    11 |     8 |     4 |    24 ||    76
         Potion            |     1 |       |       |       |     2 |     6 |       |     1 |    12 ||    22
   Stab: Confused          |       |     2 |       |       |       |       |       |    26 |    43 ||    71
         Sleeping          |       |     2 |       |       |       |       |       |     9 |     6 ||    17
         Distracted        |       |       |       |       |       |       |       |       |     5 ||     5
         Paralysed         |       |       |       |       |       |       |       |       |     1 ||     1
 Armour: Robe              |    32 |    32 |    40 |       |       |       |       |       |       ||   104
         Acid dragon scale |       |       |    61 |    70 |       |       |       |       |       ||   131
         Scale mail        |       |       |       |   305 |     7 |   252 |       |       |   184 ||   748
         Leather armour    |       |       |       |       |   409 |   259 |   409 |   379 |    48 ||  1504
         Skin              |       |       |       |       |    37 |    89 |       |       |       ||   126
         Ring mail         |       |       |       |       |       |       |       |       |   852 ||   852
         Gold dragon scale |       |       |       |       |       |       |       |       |    96 ||    96
  Dodge: Dodged            |    43 |    75 |   268 |   355 |   394 |   309 |   293 |   360 |   759 ||  2856
         Repelled          |       |       |       |       |       |       |     9 |    19 |    83 ||   111
  Block: Kite shield       |       |       |       |       |   522 |   175 |       |       |       ||   697
         Reflection        |       |       |       |       |    26 |   204 |    64 |    41 |    77 ||   412
         Tower shield      |       |       |       |       |       |  1414 |  1270 |  1590 |  3086 ||  7360
         Other             |       |       |       |       |       |    10 |       |       |       ||    10
   Form: Beast             |     2 |       |       |       |       |       |       |       |       ||     2
         Maw               |       |       |       |       |     2 |     1 |       |       |       ||     3
         Serpent           |       |       |       |       |       |     1 |       |       |       ||     1
